 Dungeon Crawl Stone Soup version 0.29-a0-541-gaf1fc19f1b (webtiles) character file.

Game seed: 6549999340864123014

460 MeArio the Shield-Bearer (level 6, -3/56 HPs)
             Began as a Minotaur Fighter on June 1, 2022.
             Slain by Pikel
             ... wielding a +1 whip of electrocution
              (5 damage)
             ... on level 4 of the Dungeon on June 2, 2022.
             The game lasted 00:06:32 (3527 turns).

MeArio the Shield-Bearer (Minotaur Fighter)         Turns: 3527, Time: 00:06:32

Health: -3/56      AC:  9    Str: 23    XL:     6   Next: 78%
Magic:  5/5        EV:  6    Int:  5    God:
Gold:   119        SH:  9    Dex:  9    Spells: 5/5 levels left

rFire   . . .      SeeInvis +   a - +0 long sword
rCold   . . .      Faith    .   w - +0 kite shield
rNeg    . . .      Spirit   .   f - +0 chain mail
rPois   .          Reflect  .   (helmet restricted)
rElec   .          Harm     .   (no cloak)
rCorr   .          Rampage  .   (no gloves)
Will    .....                   (no boots)
Stlth   ..........              (no amulet)
HPRegen 0.18/turn               e - ring of see invisible
MPRegen 0.09/turn               t - ring of flight

@: mighty, flying
A: horns 2, retaliatory headbutt
a: no special abilities


You were on level 4 of the Dungeon.
You visited 1 branch of the dungeon, and saw 4 of its levels.

You collected 119 gold pieces.

Inventory:

Hand Weapons
 a - a +0 long sword (weapon)
 s - a +0 long sword
Armour
 b - a +0 scale mail
 c - a +0 buckler
 f - a +0 chain mail (worn)
 w - a +0 kite shield (worn)
Jewellery
 e - a ring of see invisible (left hand)
 h - a ring of fire
 t - a ring of flight (right hand)
 u - an amulet of magic regeneration
Wands
 q - a wand of flame (30)
Scrolls
 l - a scroll of blinking
 n - a scroll of noise
 v - a scroll of teleportation
Potions
 d - a potion of heal wounds {unknown}
 j - a potion of magic
 m - a potion of mutation {unknown}
 o - 2 potions of flight
 p - a potion of cancellation {unknown}
 r - 2 potions of attraction


   Skills:
 + Level 5.5 Fighting
 + Level 4.6 Long Blades
 + Level 5.4 Armour
 * Level 5.9 Shields


You had 5 spell levels left.
You didn't know any spells.
Your spell library contained the following spells:

 Spells                   Type           Power      Damage    Failure   Level
 Ignite Poison            Fire/Tmut/Pois 0%         N/A       100%        3
 Mephitic Cloud           Conj/Pois/Air  0%         N/A       100%        3
 Ozocubu's Armour         Ice            0%         N/A       100%        3
 Freezing Cloud           Conj/Ice/Air   0%         6-21      100%        5
 Metabolic Englaciation   Hex/Ice        0%         N/A       100%        5
 Simulacrum               Ice/Necr       0%         N/A       100%        6


Dungeon Overview and Level Annotations

Branches:
Dungeon (4/15)
 Temple: D:4-7

Altars:

Annotations:
D:4 Pikel


Innate Abilities, Weirdness & Mutations

You have a pair of horns on your head.
You reflexively headbutt those who attack you in melee.


Message History

The lemure hits you but does no damage.
You closely miss Pikel. You block the lemure's attack.
Pikel hits you but does no damage.
A lemure comes into view.
You block the lemure's attack.
Pikel hits you with a +1 whip of electrocution.
A kobold comes into view. It is wielding a +0 dagger of venom.
You miss Pikel.
The lemure shouts!
The kobold shouts!
You block the lemure's attack. You block Pikel's attack.
You slash Pikel!
Pikel is moderately wounded.
The lemure hits you. You block Pikel's attack.
You slash Pikel!
Pikel is severely wounded.
You block the lemure's attack.
Pikel drinks a potion.
Pikel is healed!
The kobold throws a stone.
The stone hits you but does no damage. The lemure hits you.
Pikel hits you with a +1 whip of electrocution.
The kobold throws a stone.
You block the stone.
You closely miss Pikel.
Pikel is heavily wounded.
The lemure hits you but does no damage. Pikel hits you but does no damage.
You miss Pikel.
Pikel is heavily wounded.
The lemure closely misses you. Pikel hits you but does no damage.
You are electrocuted!
* * * LOW HITPOINT WARNING * * *
The kobold throws a stone.
The stone hits you but does no damage.
You slash Pikel!
Pikel is severely wounded.
The lemure hits you but does no damage. You block Pikel's attack.
You block the lemure's attack.
Pikel hits you with a +1 whip of electrocution.
* * * LOW HITPOINT WARNING * * *
You barely miss Pikel.
Pikel is severely wounded.
The lemure barely misses you. You furiously retaliate!
You headbutt the lemure!
Pikel hits you with a +1 whip of electrocution.
You die...

. #. .. #.
#. #5######
#5K@K..##
##
##5#....#..
#.###...#.#
#.#
##..#.#####
..#
##........
#..
##.........
...
#)<.#.#####
#. #.#.)#.#
#..#..# #


You could see Pikel, 3 lemures and a kobold.

Vanquished Creatures
  Grinder (D:3)
  An iguana (D:4)
  Natasha (twice) (D:3)
  An orc wizard (D:3)
  4 gnolls (D:2)
  5 adders (D:3)
  A worm (D:4)
  A dart slug (D:2)
  6 orcs (D:3)
  4 endoplasms
  4 giant cockroaches
  8 goblins
  8 hobgoblins
  4 jackals (D:2)
  3 quokkas
  5 ball pythons
  6 bats
  A frilled lizard (D:3)
  5 kobolds
  4 rats
74 creatures vanquished.

Notes
Turn   | Place    | Note
-------+----------+-------------------------------------------
     0 | D:1      | MeArio the Minotaur Fighter began the quest for the Orb.
     0 | D:1      | Reached XP level 1. HP: 19/19 MP: 0/0
   217 | D:1      | Reached XP level 2. HP: 27/27 MP: 1/1
   681 | D:1      | Upgraded the game from 0.29-a0-521-g59ce8b2d47 to
                  | 0.29-a0-541-gaf1fc19f1b
   783 | D:2      | Reached XP level 3. HP: 26/33 MP: 2/2
  1159 | D:2      | Reached XP level 4. HP: 41/41 MP: 3/3
  2441 | D:3      | Noticed Natasha
  2449 | D:3      | Killed Natasha
  2450 | D:3      | Reached XP level 5. HP: 47/47 MP: 4/4
  2622 | D:3      | Noticed Natasha
  2630 | D:3      | Killed Natasha
  2998 | D:3      | Found the +1 Delatra's gloves {ID++}
  3016 | D:3      | Reached skill level 5 in Fighting
  3020 | D:3      | Reached skill level 5 in Armour
  3020 | D:3      | Reached skill level 5 in Shields
  3489 | D:4      | Noticed a lemure
  3496 | D:4      | Noticed Grinder
  3506 | D:3      | Killed Grinder
  3507 | D:3      | Reached XP level 6. HP: 28/56 MP: 5/5
  3518 | D:4      | Noticed Pikel
  3526 | D:4      | HP: 2/56 [Pikel/+1 whip of electrocution (3)]
  3527 | D:4      | Slain by Pikel

Illustrated notes

Levels and vault maps discovered:
D:1:      saegor_arrival_simple_d, layout_loops_ring, kennysheep_minor_cross
D:2:      layout_loops_ring
D:3:      layout_loops_corners, pf_guarded_unrand_delatra, uniq_natasha
D:4:      layout_loops_ring, bh_walls_and_bars, uniq_grinder, uniq_robin,
          uniq_pikel, uniq_ijyb

Skill      XL: |  1  2  3  4  5 |
---------------+----------------+-----
Fighting       | 4 5 |  5.5
Long Blades    | 3 4 |  4.6
Armour         | 4 5 |  5.4
Shields        | 4 5 |  5.9

Action                   |  1- 3 |  4- 6 || total
-------------------------+-------+-------++-------
Melee: Long sword        |    73 |   150 ||   223
       Headbutt          |    10 |    22 ||    32
  Use: Scroll            |       |     9 ||     9
       Potion            |       |     1 ||     1
Armor: Scale mail        |     6 |       ||     6
       Chain mail        |    31 |    94 ||   125
Dodge: Dodged            |    30 |    34 ||    64
Block: Buckler           |    17 |    18 ||    35
       Kite shield       |       |    36 ||    36

Table legend: (Time is in decaauts)
 A = Elapsed time spent in this place.
 B = Non-inter-level travel time spent in this place.
 C = Inter-level travel time spent in this place.
 D = Time resting spent in this place.
 E = Time spent auto-exploring this place.
 F = Levels seen in this place.
 G = Mean time per level.
                   A        B        C        D        E       F      G
               +--------+--------+--------+--------+--------+-----+--------+
         Total |   3594 |   3497 |     97 |    226 |   2641 |   4 |  898.5 |
       Dungeon |   3594 |   3497 |     97 |    226 |   2641 |   4 |  898.5 |
               +--------+--------+--------+--------+--------+-----+--------+

Top non-repeatable levels by time:
     D:3: 1505 daAuts
     D:2: 1144 daAuts
     D:1: 776 daAuts
     D:4: 167 daAuts
